 Dungeon Crawl Stone Soup version 0.22-a0-779-g6f83d72c62 (webtiles) character file.

574 Holzbalken the Quickloader (level 7, -5/44 HPs)
             Began as a Kobold Hunter on July 19, 2018.
             Was an Initiate of Okawaru.
             Slain by Fandomethor's ghost (8 damage)
             ... on level 4 of the Dungeon.
             The game lasted 00:24:18 (5292 turns).

Holzbalken the Quickloader (Kobold Hunter)          Turns: 5292, Time: 00:24:19

Health: -5/44      AC:  4    Str:  9    XL:     7   Next: 61%
Magic:  7/7        EV: 16    Int: 12    God:    Okawaru [......]
Gold:   203        SH:  0    Dex: 18    Spells: 6/6 levels left

rFire    . . .     SeeInvis .   b - +0 short sword
rCold    . . .     Gourm    .   (shield restricted)
rNeg     . . .     Faith    .   c - +1 leather armour
rPois    .         Spirit   .   (no helmet)
rElec    .         Reflect  .   (no cloak)
rCorr    +         Harm     .   (no gloves)
MR       +....                  (no boots)
Stlth    ++........             (no amulet)
HPRegen  0.14/turn              l - ring of resist corrosion
MPRegen  0.10/turn              o - ring of protection from magic

@: no status effects
A: small, carnivore
a: Renounce Religion


You were on level 4 of the Dungeon.
You worshipped Okawaru.
Okawaru was noncommittal.
You were very full.

You visited 1 branch of the dungeon, and saw 5 of its levels.
You also visited: Ossuary.

You collected 203 gold pieces.

Inventory:

Hand Weapons
 a - a +2 hand crossbow
 b - a +0 short sword (weapon)
Armour
 c - a +1 leather armour (worn)
Jewellery
 j - an uncursed ring of wizardry
 l - a ring of resist corrosion (left hand)
 o - a ring of protection from magic (right hand)
Scrolls
 d - 2 scrolls of remove curse
 e - a scroll of enchant weapon
 h - a scroll of amnesia
 i - a scroll of enchant armour
 k - 2 scrolls of identify
 n - a scroll of magic mapping
Potions
 m - a potion of haste {unknown}
 r - a potion of brilliance
 s - a potion of magic {unknown}
 t - 2 potions of flight {unknown}
 u - a potion of might {unknown}
 v - a potion of resistance {unknown}
 w - 2 potions of lignification
Comestibles
 f - 9 rations
 q - 3 chunks of flesh


   Skills:
 + Level 4.4 Fighting
 + Level 0.8 Short Blades
 + Level 8.2 Crossbows
 + Level 2.0 Armour
 + Level 3.6 Dodging
 + Level 2.0 Stealth


You had 6 spell levels left.
You didn't know any spells.
Your spell library was empty.

Dungeon Overview and Level Annotations

Branches:
Dungeon (5/15)
 Temple: D:4-7

Altars:
Ashenzari
Dithmenos
Nemelex Xobeh
Okawaru
Sif Muna

Annotations:
D:2 Sigmund
D:4 Fandomethor's ghost, amateur GrFi


Innate Abilities, Weirdness & Mutations

You are small and have problems with some larger weapons.
You are carnivorous and can eat meat at any time.


Message History

Fandomethor's ghost is severely damaged.
Fandomethor's ghost hits you!
* * * LOW HITPOINT WARNING * * *
You hit Fandomethor's ghost but do no damage.
Fandomethor's ghost is severely damaged.
Fandomethor's ghost barely misses you.
You hit Fandomethor's ghost but do no damage.
Fandomethor's ghost is severely damaged.
Fandomethor's ghost ripples.
Fandomethor's ghost hits you but does no damage.
You hit Fandomethor's ghost but do no damage.
Fandomethor's ghost is severely damaged.
Fandomethor's ghost hits you.
* * * LOW HITPOINT WARNING * * *
Fandomethor's ghost hits you.
* * * LOW HITPOINT WARNING * * *
You hit Fandomethor's ghost but do no damage.
Fandomethor's ghost is severely damaged.
Fandomethor's ghost hits you!
You die...

*,# *****##*** *.#
*,,,,,.,,*****#.#
*,****#.,,,,,,..#### *,*
#..****#.....#***
*,**###..####..###..,,**
*,**..........##⌠##...,*
*,**.##..#...##...##...*
*,,,..,,,##@##..!..##..#*
****.#*,#*#.W...♣..⌠#...****
##.##.###.##..%..##...,,,*
##...#......##...##..#,**,*
##.....#####..##⌠##...#,**,*
##.......##
##..###..#,*,**,*
#.........# ##.....##,*,,,,,
#.........# ##...###*,,,,,,*
#.........#
##.....##****####


You could see Fandomethor's ghost.

Vanquished Creatures
  3 water moccasin zombies (Ossuary)
  A crimson imp (D:5)
  A hound (D:4)
  An orc priest (D:3)
  An orc wizard (D:4)
  2 bullfrog skeletons (D:4)
  Natasha (D:3)
  Terence (D:3)
  2 mummies (Ossuary)
  3 gnolls (D:3)
  4 adders
  An ooze (D:2)
  7 adder zombies (Ossuary)
  A dart slug (D:1)
  4 leopard geckos (D:3)
  3 orcs
  4 bats
  A giant cockroach (D:2)
  A gnoll zombie (Ossuary)
  2 goblins
  7 hobgoblins
  5 kobolds
  6 frilled lizards
  4 hobgoblin zombies (Ossuary)
  2 kobold zombies (Ossuary)
  4 orc zombies (Ossuary)
  11 rats
83 creatures vanquished.

Notes
Turn   | Place    | Note
-------+----------+-------------------------------------------
     0 | D:1      | Holzbalken the Kobold Hunter began the quest for the Orb.
     0 | D:1      | Reached XP level 1. HP: 12/12 MP: 1/1
   122 | D:1      | Reached skill level 5 in Crossbows
   168 | D:1      | Reached XP level 2. HP: 17/17 MP: 2/2
   713 | D:2      | Noticed Sigmund
  1034 | D:2      | Reached XP level 3. HP: 5/21 MP: 3/3
  1712 | D:2      | Reached skill level 6 in Crossbows
  2049 | D:3      | Reached XP level 4. HP: 23/27 MP: 4/4
  2191 | D:3      | Noticed Terence
  2204 | D:3      | Killed Terence
  2224 | D:3      | Reached XP level 5. HP: 18/32 MP: 5/5
  2736 | D:3      | Found a shattered altar of Ashenzari.
  2829 | D:3      | Found a sparkling altar of Nemelex Xobeh.
  2976 | D:3      | You fall through a shaft!
  2983 | D:4      | Found a sand-covered staircase.
  3003 | Ossuary  | Entered an ossuary
  3097 | Ossuary  | Reached skill level 7 in Crossbows
  3097 | Ossuary  | Reached XP level 6. HP: 34/37 MP: 6/6
  3549 | Ossuary  | Reached skill level 1 in Armour
  4104 | Ossuary  | Got a faintly glowing great sword
  4122 | D:4      | Noticed an ogre
  4201 | D:4      | Found a deep blue altar of Sif Muna.
  4226 | D:5      | Entered Level 5 of the Dungeon
  4232 | D:5      | Reached XP level 7. HP: 35/43 MP: 7/7
  4304 | D:4      | Reached skill level 8 in Crossbows
  4389 | D:4      | Found a shadowy altar of Dithmenos.
  4598 | D:3      | Found an iron altar of Okawaru.
  4618 | D:3      | Became a worshipper of Warmaster Okawaru
  4689 | D:3      | You fall through a shaft for 2 floors!
  5150 | D:3      | Noticed Natasha
  5152 | D:3      | Killed Natasha
  5235 | D:4      | Found a runed door.
  5235 | D:4      | Noticed Fandomethor's ghost (amateur GrFi)
  5282 | D:4      | HP: 1/44 [Fandomethor's ghost (3)]
  5292 | D:4      | Slain by Fandomethor's ghost

Vault maps used:
D:1:      dpeg_cavernosity
D:2:      uniq_sigmund
D:3:      amethyst_overflow_temple_binary, kennysheep_okawaru_gauntlet,
          uniq_terence, uniq_natasha
D:4:      lemuel_coloured_pillars_altar, kennysheep_mini_moat,
          hellmonk_ghost_happy_afterlife, nicolae_ossuary_entry_ruins,
          first_ration
Ossuary:  ossuary_tomb_2

Skill      XL: |  1  2  3  4  5  6  7 |
---------------+----------------------+-----
Crossbows      | 5 6 7 8 |  8.2
Fighting       | 3 4 |  4.4
Dodging        | 3 |  3.6
Armour         | 1 2 |  2.0
Stealth        | 2 |  2.0
Short Blades   | |  0.8

Action                   |  1- 3 |  4- 6 |  7- 9 || total
-------------------------+-------+-------+-------++-------
Melee: Short sword       |       |    42 |    29 ||    71
 Fire: Hand crossbow     |    67 |   132 |    47 ||   246
  Use: Potion            |       |     3 |     2 ||     5
       Scroll            |       |       |     8 ||     8
  Eat: Chunk             |    11 |     4 |     6 ||    21
Armor: Leather armour    |     8 |     6 |     8 ||    22
       Skin              |       |    25 |       ||    25
Dodge: Dodged            |    17 |    70 |    72 ||   159

Table legend:
 A = Spawn XP
 B = Non-spawn XP
 C = Spawn XP percentage of total XP
 D = Spawn monster count
 E = Non-spawn monster count
 F = Spawn count percentage of total count
 G = Total turns spent on level
                    A         B        C        D         E        F      G
               +---------+---------+-------+---------+---------+-------+---------
         Total |       0 |     821 |   0.0 |       0 |      83 |   0.0 |  5292
               +---------+---------+-------+---------+---------+-------+---------
           D:1 |       0 |      21 |   0.0 |       0 |      13 |   0.0 |   900
           D:2 |       0 |      35 |   0.0 |       0 |      13 |   0.0 |  1098
           D:3 |       0 |     221 |   0.0 |       0 |      25 |   0.0 |  1607
           D:4 |       0 |     166 |   0.0 |       0 |       7 |   0.0 |   498
           D:5 |       0 |      51 |   0.0 |       0 |       2 |   0.0 |    77
       Ossuary |       0 |     327 |   0.0 |       0 |      23 |   0.0 |  1112
               +---------+---------+-------+---------+---------+-------+---------
